1996 views
Uploaded 2022-12-29 19:41:48
Game version 1.32.10
24:04 long 1on1 ladder game on (2)SwampedTemple
Saved by DKnight
1996 views
Uploaded 2022-12-29 19:41:48
Game version 1.32.10
24:04 long 1on1 ladder game on (2)SwampedTemple

37 units @ 6.5k
/ 1k
11 buildings @ 1.8k
/ 0.6k



| Rod of Necromancy | 4 | 600 |
| Potion of Healing | 2 | 300 |
| Orb of Corruption | 1 | 375 |
| Scroll of Town Portal | 1 | 350 |
| Potion of Lesser Invulnerability | 2 | 300 |
| total: | 10 | 1925g |
| Acolyte | 8 | 600 | / | 0 |
| Ghoul | 2 | 240 | / | 0 |
| Crypt Fiend | 20 | 4300 | / | 800 |
| Obsidian Statue | 7 | 1400 | / | 245 |
| total: | 37 | 6540g | / | 1045w |
| Altar of Darkness | 1 | 180 | / | 50 |
| Crypt | 1 | 200 | / | 50 |
| Ziggurat | 6 | 900 | / | 300 |
| Graveyard | 1 | 215 | / | 0 |
| Tomb of Relics | 1 | 130 | / | 30 |
| Slaughterhouse | 1 | 140 | / | 135 |
| Halls of the Dead | 1 | 320 | / | 210 |
| Black Citadel | 1 | 325 | / | 230 |
| total: | 11 | 1765g | / | 565w |
| 0:05 | Acolyte |
| 0:10 | Altar of Darkness |
| 0:12 | Crypt |
| 0:24 | Ziggurat |
| 0:33 | Acolyte |
| 1:02 | Graveyard |
| 1:13 | Ghoul |
| 1:28 | Tomb of Relics |
| 1:38 | Ghoul |
| 1:58 | Ziggurat |
| 2:31 | Rod of Necromancy |
| 2:34 | Crypt Fiend |
| 2:38 | Death Coil |
| 2:57 | Crypt Fiend |
| 3:27 | Crypt Fiend |
| 3:29 | Halls of the Dead |
| 3:59 | Crypt Fiend |
| 4:02 | Ziggurat |
| 4:12 | Rod of Necromancy |
| 4:49 | Crypt Fiend |
| 4:54 | Unholy Aura |
| 5:20 | Crypt Fiend |
| 5:52 | Creature Attack |
| 5:58 | Slaughterhouse |
| 6:46 | Death Coil |
| 6:52 | Black Citadel |
| 6:55 | Ziggurat |
| 7:01 | Obsidian Statue |
| 7:08 | Frost Nova |
| 7:42 | Improved Creature Attack |
| 8:01 | Obsidian Statue |
| 8:01 | Crypt Fiend |
| 8:06 | Dark Ritual |
| 8:11 | Potion of Lesser Invulnerability |
| 8:53 | Potion of Healing |
| 8:56 | Rod of Necromancy |
| 9:10 | Crypt Fiend |
| 9:23 | Orb of Corruption |
| 10:27 | Advanced Creature Attack |
| 10:29 | Creature Carapace |
| 10:30 | Destroyer Form |
| 10:31 | Obsidian Statue |
| 10:34 | Scroll of Town Portal |
| 10:40 | Potion of Lesser Invulnerability |
| 10:46 | Web |
| 11:08 | Frost Nova |
| 11:25 | Unholy Aura |
| 12:02 | Crypt Fiend |
| 12:02 | Crypt Fiend |
| 12:02 | Crypt Fiend |
| 13:05 | Crypt Fiend |
| 13:07 | Improved Creature Carapace |
| 13:22 | Obsidian Statue |
| 13:39 | Potion of Healing |
| 14:20 | Crypt Fiend |
| 14:21 | Crypt Fiend |
| 14:54 | Silence |
| 16:39 | Dark Ritual |
| 17:05 | Acolyte |
| 17:06 | Acolyte |
| 17:17 | Crypt Fiend |
| 17:17 | Crypt Fiend |
| 17:31 | Acolyte |
| 17:31 | Acolyte |
| 17:32 | Acolyte |
| 17:35 | Obsidian Statue |
| 17:40 | Obsidian Statue |
| 18:00 | Ziggurat |
| 18:15 | Acolyte |
| 18:17 | Crypt Fiend |
| 18:47 | Black Arrow |
| 18:53 | Death Coil |
| 19:20 | Crypt Fiend |
| 19:20 | Crypt Fiend |
| 19:38 | Obsidian Statue |
| 21:04 | Rod of Necromancy |
| 21:37 | Crypt Fiend |
| 22:19 | Ziggurat |
| Right click | 1277 |
| Select | 498 |
| Select group | 115 |
| Build/train/purchase | 111 |
| Use ability | 53 |
| Assign group | 37 |
| Misc. action | 20 |
| Chat | 13 |
| Remove unit | 7 |
| Item give/drop | 4 |
37 units @ 7.3k
/ 1.3k
12 buildings @ 1.9k
/ 0.6k



| Rod of Necromancy | 3 | 450 |
| Ritual Dagger | 1 | 125 |
| Orb of Corruption | 1 | 375 |
| Scroll of Healing | 1 | 250 |
| total: | 6 | 1200g |
| Acolyte | 3 | 225 | / | 0 |
| Ghoul | 2 | 240 | / | 0 |
| Crypt Fiend | 25 | 5375 | / | 1000 |
| Obsidian Statue | 6 | 1200 | / | 210 |
| Abomination | 1 | 240 | / | 70 |
| total: | 37 | 7280g | / | 1280w |
| Crypt | 1 | 200 | / | 50 |
| Altar of Darkness | 1 | 180 | / | 50 |
| Ziggurat | 5 | 750 | / | 250 |
| Graveyard | 1 | 215 | / | 0 |
| Tomb of Relics | 3 | 390 | / | 90 |
| Slaughterhouse | 1 | 140 | / | 135 |
| Halls of the Dead | 1 | 320 | / | 210 |
| Black Citadel | 1 | 325 | / | 230 |
| total: | 12 | 1875g | / | 575w |
| 0:03 | Acolyte |
| 0:03 | Acolyte |
| 0:06 | Crypt |
| 0:08 | Altar of Darkness |
| 0:24 | Ziggurat |
| 0:31 | Acolyte |
| 0:59 | Graveyard |
| 1:09 | Ghoul |
| 1:23 | Tomb of Relics |
| 1:36 | Ghoul |
| 2:16 | Death Coil |
| 2:20 | Crypt Fiend |
| 2:22 | Ziggurat |
| 2:32 | Backpack |
| 2:58 | Halls of the Dead |
| 3:05 | Rod of Necromancy |
| 3:48 | Crypt Fiend |
| 4:11 | Crypt Fiend |
| 4:15 | Ziggurat |
| 5:25 | Black Citadel |
| 5:27 | Slaughterhouse |
| 5:54 | Crypt Fiend |
| 5:57 | Ritual Dagger |
| 6:42 | Unholy Aura |
| 6:46 | Obsidian Statue |
| 6:48 | Crypt Fiend |
| 7:05 | Ziggurat |
| 7:13 | Frost Nova |
| 7:17 | Rod of Necromancy |
| 7:51 | Orb of Corruption |
| 8:52 | Silence |
| 8:56 | Obsidian Statue |
| 9:48 | Crypt Fiend |
| 9:49 | Obsidian Statue |
| 10:10 | Dark Ritual |
| 10:17 | Death Coil |
| 10:22 | Crypt Fiend |
| 10:26 | Ziggurat |
| 10:35 | Scroll of Healing |
| 10:48 | Crypt Fiend |
| 12:16 | Crypt Fiend |
| 12:32 | Crypt Fiend |
| 12:39 | Crypt Fiend |
| 13:06 | Obsidian Statue |
| 13:11 | Creature Attack |
| 13:42 | Black Arrow |
| 13:51 | Obsidian Statue |
| 13:52 | Crypt Fiend |
| 14:04 | Obsidian Statue |
| 14:05 | Crypt Fiend |
| 14:21 | Improved Creature Attack |
| 14:25 | Rod of Necromancy |
| 14:49 | Crypt Fiend |
| 15:07 | Frost Nova |
| 15:42 | Crypt Fiend |
| 15:53 | Web |
| 16:05 | Crypt Fiend |
| 16:35 | Death Pact |
| 16:43 | Crypt Fiend |
| 17:18 | Crypt Fiend |
| 17:23 | Dark Ritual |
| 17:28 | Tomb of Relics |
| 17:31 | Tomb of Relics |
| 18:47 | Crypt Fiend |
| 19:31 | Crypt Fiend |
| 19:44 | Silence |
| 19:46 | Crypt Fiend |
| 19:49 | Abomination |
| 20:11 | Crypt Fiend |
| 20:17 | Crypt Fiend |
| 20:52 | Death Coil |
| 20:59 | Crypt Fiend |
| 21:24 | Black Arrow |
| 23:30 | Frost Nova |
| 23:49 | Crypt Fiend |
| Right click | 1632 |
| Select group | 766 |
| Select | 516 |
| Misc. action | 120 |
| Build/train/purchase | 93 |
| Assign group | 67 |
| Use ability | 65 |
| Item give/drop | 4 |
| Chat | 4 |
| Remove unit | 1 |